 Dungeon Crawl Stone Soup version 0.25-a0-246-g58704a1ebd (webtiles) character file.

Game seed: 1287464712825442002, levelgen mode: classic

351348 Borgoz the Warrior (level 22, -20/150 HPs)
             Began as a Gargoyle Fighter on Dec 3, 2019.
             Was the Champion of Ashenzari.
             Killed from afar by a deep elf sorcerer (54 damage)
             ... with damnation
             ... on level 3 of the Elven Halls.
             The game lasted 02:13:27 (44701 turns).

Borgoz the Warrior (Gargoyle Fighter)              Turns: 44701, Time: 02:13:27

Health: -20/150    AC: 49    Str: 30    XL:     22   Next: 23%
Magic:  33/33      EV: 13    Int:  6    God:    Ashenzari [******]
Gold:   2589       SH: 20    Dex: 22    Spells: 32/35 levels left

rFire    . . .     SeeInvis +   a - +8 flail of Emniu {crush, rPois rC+} (curse)
rCold    + + .     Gourm    .   c - +4 shield
rNeg     + + +     Faith    .   w - +10 plate armour of the Ban {rN++ Int-3} (curse)
rPois    ∞         Spirit   .   r - +2 helmet of Ydonas {Slay+2} (curse)
rElec    +         Reflect  .   u - +2 cloak
rCorr    .         Harm     .   P - +2 pair of gloves {Dex+3}
MR       ++++.     Clarity  +   d - +2 pair of boots
Stlth    ..........             z - amulet of rage (curse)
HPRegen  0.35/turn              x - ring "Jehiapp" {rElec rC+ Str+4 Dex+6 Stlth-} (curse)
MPRegen  0.23/turn              n - ring of Ezal {rElec MR+++ Int-2 Dex+2 Stlth+}

@: corroded, berserk cooldown, flying, very slightly contaminated, starving,
slowed, very slow
A: big wings, negative energy resistance 1, electricity resistance, unbreathing,
petrification resistance, rot immunity, AC +16
}: 2/15 runes: decaying, gossamer
a: Stop Flying, Curse Item, Scrying, Transfer Knowledge, Renounce Religion,
Evoke Berserk Rage


You were on level 3 of the Elven Halls.
You worshipped Ashenzari.
Ashenzari was exalted by your worship.
You were starving.

You visited 8 branches of the dungeon, and saw 37 of its levels.
You also visited: Bailey and Ice Cave.

You collected 4435 gold pieces.
You spent 1846 gold pieces at shops.

Inventory:

Hand Weapons
 a - the cursed +8 flail of Emniu (weapon) {crush, rPois rC+}
   (You found it on level 12 of the Dungeon)

   It inflicts extra damage upon your enemies.
   It protects you from cold.
   It protects you from poison.
   It has a curse placed upon it.
 o - the +10 flail of Cruel Justice {speed, rElec rF++ MR- MP+9}
   (You took it off a deep elf demonologist on level 3 of the Elven Halls)

   Attacks with this weapon are significantly faster.
   It greatly protects you from fire.
   It insulates you from electricity.
   It affects your resistance to hostile enchantments.
   It affects your magic capacity (+9).
Missiles
 M - 2 throwing nets (quivered)
Armour
 c - a +4 shield (worn)
 d - a +2 pair of boots (worn)
 r - the cursed +2 helmet of Ydonas (worn) {Slay+2}
   (You bought it in a shop on level 2 of the Orcish Mines)

   It affects your accuracy and damage with ranged weapons and melee attacks
   (+2).
   It has a curse placed upon it.
 u - a +2 cloak (worn)
 v - the cursed +0 leather armour of Lethargy {Int-5 Dex+3 SInv}
   (You found it on level 1 of the Elven Halls)

   It affects your intelligence (-5).
   It affects your dexterity (+3).
   It lets you see invisible.
   It has a curse placed upon it.
 w - the cursed +10 plate armour of the Ban (worn) {rN++ Int-3}
   (You found it on level 11 of the Dungeon)

   It affects your intelligence (-3).
   It greatly protects you from negative energy.
   It has a curse placed upon it.
 P - a +2 pair of gloves of dexterity (worn)
Jewellery
 g - an uncursed ring of protection from fire
 n - the ring of Ezal (right hand) {rElec MR+++ Int-2 Dex+2 Stlth+}
   (You found it in an ice cave)

   [ring of dexterity]

   It affects your intelligence (-2).
   It affects your dexterity (+2).
   It insulates you from electricity.
   It affects your resistance to hostile enchantments.
   It makes you more stealthy.
 x - the cursed ring "Jehiapp" (left hand) {rElec rC+ Str+4 Dex+6 Stlth-}
   (You acquired it on level 12 of the Dungeon)

   [ring of protection from cold]

   It affects your strength (+4).
   It affects your dexterity (+6).
   It protects you from cold.
   It insulates you from electricity.
   It makes you less stealthy.
   It has a curse placed upon it.
 z - a cursed amulet of rage (around neck)
 J - an uncursed ring of protection from cold
 L - an uncursed amulet of guardian spirit
 W - an uncursed ring of resist corrosion
Wands
 m - a wand of acid (30)
 A - a wand of polymorph (6)
 B - a wand of iceblast (28)
 D - a wand of scattershot (4)
 E - a wand of clouds (6)
 T - a wand of digging (12)
Scrolls
 b - 14 scrolls of identify
 h - 6 scrolls of remove curse
 i - 14 scrolls of magic mapping
 j - 6 scrolls of teleportation
 y - a scroll of fog
 C - a scroll of amnesia
 G - 2 scrolls of silence
 I - 3 scrolls of blinking
 K - a scroll of holy word
 O - a scroll of summoning
Potions
 e - 2 potions of might
 k - 6 potions of haste
 l - 5 potions of ambrosia
 p - 20 potions of curing
 q - a potion of invisibility
 t - 2 potions of cancellation
 F - 5 potions of resistance
 H - 4 potions of heal wounds
 N - 4 potions of agility
Comestibles
 f - 54 rations


   Skills:
 * Level 19.2 Fighting
 * Level 17.9(21.6) Maces & Flails
 * Level 19.2 Armour
 + Level 5.4 Dodging
 - Level 5.0 Stealth
 + Level 16.7 Shields
 + Level 7.3 Spellcasting
 + Level 9.1(12.0) Hexes
 - Level 2.5(5.0) Translocations
 - Level 6.9(10.0) Evocations


You had 32 spell levels left.
You knew the following spells:

 Your Spells              Type           Power        Failure   Level  Hunger
a - Confusing Touch       Hex            ###...       1%          1    #......
b - Blink                 Tloc           N/A          19%         2    ##.....

Your spell library contained the following spells:

 Spells                   Type           Power        Failure   Level  Hunger
 Slow                     Hex            ###.....     1%          2    ##.....
 Cause Fear               Hex            ###.......   7%          4    #####..
 Apportation              Tloc           #.....       13%         1    #......
 Inner Flame              Hex/Fire       #.......     22%         3    ###....
 Summon Guardian Golem    Hex/Summ       #.......     24%         3    ###....
 Animate Skeleton         Necr           N/A          63%         1    #......
 Beastly Appendage        Tmut           #.....       63%         1    #......
 Foxfire                  Conj/Fire      #...         63%         1    #......
 Freeze                   Ice            #...         63%         1    #......
 Pain                     Necr           #...         63%         1    #......
 Magic Dart               Conj           #...         65%         1    #......
 Summon Small Mammal      Summ           #...         65%         1    #......
 Corpse Rot               Necr/Air       N/A          77%         2    ##.....
 Poisonous Vapours        Pois/Air       #.....       77%         2    ##.....
 Sticks to Snakes         Tmut           #.......     77%         2    ##.....
 Call Imp                 Summ           #.......     78%         2    ##.....
 Silence                  Hex/Air        #.........   91%         5    ######.
 Yara's Violent Unravell  Hex/Tmut       #.........   91%         5    ######.
 Conjure Flame            Conj/Fire      #.......     94%         3    ###....
 Ignite Poison            Fire/Tmut/Pois #.......     94%         3    ###....
 Mephitic Cloud           Conj/Pois/Air  #.......     94%         3    ###....
 Ozocubu's Armour         Chrm/Ice       #.......     94%         3    ###....
 Spider Form              Tmut/Pois      #.........   94%         3    ###....
 Vampiric Draining        Necr           #.........   94%         3    ###....
 Call Canine Familiar     Summ           #.......     95%         3    ###....
 Regeneration             Chrm/Necr      #.........   95%         3    ###....
 Stone Arrow              Conj/Erth      #.....       95%         3    ###....
 Animate Dead             Necr           N/A          100%        4    #####..
 Hailstorm                Conj/Ice       #.......     100%        4    #####..
 Ice Form                 Ice/Tmut       #.......     100%        4    #####..
 Petrify                  Tmut/Erth      #.......     100%        4    #####..
 Sticky Flame             Conj/Fire      #.......     100%        4    #####..
 Summon Ice Beast         Ice/Summ       #.......     100%        4    #####..
 Summon Lightning Spire   Summ/Air       #.......     100%        4    #####..
 Blade Hands              Tmut           #.........   100%        5    ######.
 Fireball                 Conj/Fire      #.........   100%        5    ######.
 Irradiate                Conj/Tmut      #.........   100%        5    ######.
 Summon Forest            Summ/Tloc      #.........   100%        5    ######.
 Conjure Ball Lightning   Conj/Air       #.........   100%        6    #######
 Deflect Missiles         Chrm/Air       #.........   100%        6    #######
 Eringya's Noxious Bog    Tmut/Pois      #.........   100%        6    #######
 Freezing Cloud           Conj/Ice/Air   #.........   100%        6    #######
 Hydra Form               Tmut           #.........   100%        6    #######
 Starburst                Conj/Fire      #.........   100%        6    #######
 Dragon Form              Tmut           #.........   100%        7    #######
 Ring of Flames           Chrm/Fire      #.........   100%        7    #######
 Summon Hydra             Summ           #.........   100%        7    #######
 Discord                  Hex            ###.......   100%        8    #######
 Ignition                 Fire           #.........   100%        8    #######
 Tornado                  Air            #.........   100%        9    #######
 Statue Form              Tmut/Erth      Unusable     N/A         6    N/A

Dungeon Overview and Level Annotations

Branches:
Dungeon (15/15)            Temple (1/1) D:6            Lair (6/6) D:8
  Swamp (4/4) Lair:4       Spider (4/4) Lair:2        Slime (0/5) Lair:5
    Orc (2/2) D:9             Elf (3/3) Orc:2        Vaults (2/5) D:13
  Crypt (0/3) Vaults:2     Depths (0/5) D:15         Bailey (visited)
  IceCv (visited)

Altars:
Ashenzari
Cheibriados
Dithmenos
Elyvilon
Fedhas
Gozag
Hepliaklqana
Kikubaaqudgha
Makhleb
Nemelex Xobeh
Okawaru
Qazlal
Ru
Sif Muna
Trog
Uskayaw
Vehumet
Wu Jian
Xom
Yredelemnul
Zin
The Shining One

Shops:
D:15 ((?   Orc:1 :   Orc:2 *=[[   Vaults:2 [


Innate Abilities, Weirdness & Mutations

You are resistant to torment.
Your stone body is resilient. (AC +16)
You are immune to poison.
Your large and strong wings let you fly indefinitely.
You resist negative energy. (rN+)
You are resistant to electric shocks. (rElec)
You can survive without breathing.
You are immune to petrification.
You are immune to rotting.


Message History

You block the sun demon's attack.
You block the deep elf annihilator's attack.
The deep elf mage casts a spell at you. The bolt of lightning hits you!
You resist.
Blink to where?
Press: ? - help, Dir - move target cursor You are very lightly contaminated with residual magic.
As you read the scroll of blinking, it crumbles to dust.
The deep elf sorcerer shouts, "Entram moth deg ulag!"
You see here 2 arrows.
You see here an arrow.
The deep elf sorcerer hits you but does no damage.
The deep elf sorcerer points at you and mumbles some strange words.
The sphere of damnation explodes!
The damnation engulfs you!!!
* * * LOW HITPOINT WARNING * * *
The deep elf sorcerer casts a spell at you.
You resist with almost no effort.
The deep elf sorcerer casts a spell at you.
The sphere of damnation explodes!
The damnation engulfs you!!!
You die...

######......#
#.....(.##.... ##.##.##
#.....((...... #.##.#######
##.....).##...
#.##.#.....###......(.....#
#.##.#......#.......()##.##
#.##.#..............(....#.
#...(#..............(.##.#.
##...'.)............(....##
#...)(.e.@..........(##.##
#.).e.###########.#(....##
#.#.#.# * *####......
#.#{#.# * , ####''# ,,#*
*#.#)#.#* ** , *#######..#
,..#**..#{#.. #,,, ,
#........# ,
....####{####..,, ,
#.####.... *
#.....##)##.... *#.# #....
,*, #...)ee...(..# ,,*#.#
##''##


You could see a deep elf annihilator and a deep elf sorcerer.

Vanquished Creatures
  Bai Suzhen (Spider:3)
  Nikola (Lair:4)
  A bone dragon (Swamp:4)
  Arachne (Spider:3)
  Jorgrun (Spider:1)
  A lich (Vaults:2)
  3 deep elf blademasters
  2 deep elf master archers (Elf:3)
  Gastronok (Lair:3)
  3 thorn hunters
  Kirke (Lair:4)
  Roxanne (D:15)
  Donald (Swamp:4)
  A fire giant (Vaults:1)
  3 deep elf sorcerers (Elf:3)
  2 ghost moths (Spider:4)
  8 emperor scorpions
  An orc warlord (Bailey)
  Louise (Swamp:3)
  7 vault wardens
  2 deep elf elementalists (Elf:3)
  2 very ugly things (IceCv)
  2 ironheart preservers
  5 entropy weavers
  4 deep elf demonologists (Elf:3)
  Azrael (Orc:2)
  5 deep elf annihilators (Elf:3)
  3 spark wasps
  3 ettins
  7 deep elf death magi
  Josephine (Orc:2)
  5 yaktaur captains
  2 deep elf high priests (Elf:3)
  Fannar (D:11)
  The ghost of grouchysmurf the Black Sun, a journeyman HONe of Kikubaaqudgha (D:9)
  A great orb of eyes (Vaults:2)
  5 vault guards
  11 hydras
  3 ice dragons
  3 rakshasas
  2 shambling mangroves
  4 centaur warriors
  4 catoblepae
  5 two-headed ogres
  2 ghost crabs (Swamp:4)
  A death knight (D:14)
  2 ogre magi
  34 dancing weapons
  20 death yaks
  A tengu warrior (D:13)
  Urug (D:10)
  A deep troll earth mage (Vaults:1)
  13 alligators
  A deep troll shaman (Vaults:1)
  3 orc high priests (Orc:2)
  A small abomination (Elf:3)
  22 deep elf knights
  Nergalle (D:11)
  2 shadow wraiths
  5 skeletal warriors
  A fire crab (Lair:6)
  2 unseen horrors (Vaults:1)
  A swamp dragon (Swamp:2)
  A death drake (Swamp:4)
  2 deep trolls (Vaults:1)
  3 spriggan druids
  A glowing orange brain (Vaults:2)
  3 wizards
  7 ironbrand convokers
  17 deep elf archers
  3 phantasmal warriors
  A wolf spider zombie (D:13)
  17 orc knights
  23 orb spiders
  8 harpies (Vaults:1)
  60 deep elf magi
  Pikel (D:6)
  6 orc sorcerers
  12 ugly things
  A harpy (shapeshifter) (Vaults:1)
  45 wolf spiders
  3 manticores
  2 oklob plants (Spider:3)
  A necromancer (Vaults:1)
  9 cyclopes
  Maurice (D:8)
  3 elephants (Lair:6)
  3 moths of wrath
  2 centaur zombies
  4 vault sentinels
  5 black mambas
  A molten gargoyle (D:12)
  A black mamba (shapeshifter) (Vaults:1)
  3 centaur skeletons
  A gargoyle (D:15)
  6 ice statues
  12 spiny frogs
  3 torpor snails
  6 swamp worm zombies (Swamp:4)
  A human zombie (Vaults:1)
  A rime drake (shapeshifter) (Vaults:2)
  3 rime drakes
  A kobold demonologist (D:13)
  5 komodo dragons
  11 yaktaurs
  6 demonic crawlers
  4 freezing wraiths
  A merfolk (D:10)
  33 jumping spiders
  7 trolls
  A queen bee (D:14)
  26 hornets
  3 meliai (D:14)
  3 hydra zombies (Swamp:4)
  6 tyrant leeches
  A blink frog (shapeshifter) (D:14)
  9 bog bodies
  26 slime creatures
  7 dream sheep (Lair:6)
  5 blink frogs (Lair:6)
  9 hippogriffs
  A frost giant simulacrum (Vaults:1)
  5 spectral swamp dragons (Swamp:4)
  Sigmund (D:5)
  3 alligator zombies (Swamp:4)
  83 redbacks
  3 air elementals
  A vampire (D:14)
  4 shadows
  25 tarantellas
  8 spriggans
  7 water elementals
  4 wyverns
  A dire elephant simulacrum (IceCv)
  5 wraiths
  5 fire elementals
  4 basilisks
  4 fire bats (Lair:6)
  46 yaks
  2 hogs (Swamp:1)
  A golden eye (shapeshifter) (Elf:3)
  A hungry ghost (D:15)
  A hog (shapeshifter) (Elf:1)
  6 vampire mosquitoes
  4 wargs
  11 insubstantial wisps
  Edmund (D:5)
  4 iron troll simulacra (IceCv)
  A warg (shapeshifter) (D:15)
  A harpy simulacrum (IceCv)
  An ogre zombie (Vaults:1)
  16 swamp worms
  5 water moccasins
  4 hell hounds (Orc:2)
  3 hydra simulacra (IceCv)
  8 porcupines
  7 swamp drakes
  4 slaves (D:6)
  2 black bears
  50 orc warriors
  3 eyes of draining
  12 ice beasts
  7 sky beasts
  4 swamp dragon zombies (Swamp:4)
  The ghost of grouchysmurf the Ruffian, an amateur TrTm of Cheibriados (D:3)
  2 necrophages
  11 phantoms
  8 wolves (Lair:6)
  19 boggarts
  18 centaurs
  An orc zombie (Vaults:1)
  17 ogres
  A human skeleton (Vaults:1)
  11 crocodiles
  6 big kobolds
  15 bullfrogs
  5 gnoll sergeants (D:9)
  An ogre simulacrum (Vaults:1)
  2 wyvern skeletons
  A water moccasin skeleton (D:7)
  8 scorpions
  29 killer bees
  7 wights
  3 howler monkeys
  7 electric eels
  8 crimson imps
  2 lava snakes (Lair:6)
  2 bullfrog skeletons
  3 jellies
  2 bullfrog zombies
  6 hounds
  23 orc priests
  27 orc wizards
  Crazy Yiuf (D:6)
  2 spectral swamp drakes (Swamp:4)
  Natasha (thrice) (D:4)
  6 iguanas
  7 worker ants
  A worker ant zombie (D:8)
  A howler monkey skeleton (D:8)
  16 gnolls
  A swamp drake zombie (Swamp:4)
  13 adders
  6 shadow imps
  An ooze (D:2)
  2 adder zombies
  A worm (D:3)
  A dart slug (D:2)
  7 leopard geckos
  94 orcs
  4 bats
  2 giant cockroaches
  24 goblins
  21 hobgoblins
  8 jackals
  30 kobolds
  2 quokkas (D:6)
  2 ball pythons
  4 frilled lizards
  2 leopard gecko skeletons
  7 rats
  A crawling corpse (Elf:3)
  A fungus (Spider:1)
1569 creatures vanquished.

Vanquished Creatures (others)
  A centaur warrior (Vaults:2)
  A death knight (D:12)
  A deep elf mage (Elf:1)
  An alligator zombie (Swamp:4)
  2 hogs (Swamp:1)
  3 insubstantial wisps (Swamp:4)
  A lava snake (D:12)
  An orc priest (Orc:2)
  An orc wizard (D:11)
  An adder (D:11)
  3 orcs
  5 briar patches (Swamp:4)
  3 bushes (Lair:6)
  A crawling corpse (Elf:3)
  A fire vortex (Lair:6)
  4 fungi (Lair:6)
  8 plants
38 creatures vanquished.

Grand Total: 1607 creatures vanquished

Notes
Turn   | Place    | Note
-------+----------+-------------------------------------------
     0 | D:1      | Borgoz the Gargoyle Fighter began the quest for the Orb.
     0 | D:1      | Reached XP level 1. HP: 14/14 MP: 1/1
   338 | D:1      | Reached XP level 2. HP: 16/19 MP: 2/2
   669 | D:1      | Reached XP level 3. HP: 23/23 MP: 3/3
  1032 | D:2      | Found a sparkling altar of Nemelex Xobeh.
  1596 | D:2      | Reached XP level 4. HP: 27/29 MP: 4/4
  1754 | D:3      | Noticed an ogre
  1893 | D:3      | Found a runed translucent door.
  1893 | D:3      | Noticed a bullfrog
  1893 | D:3      | Noticed grouchysmurf's ghost (amateur TrTm)
  1918 | D:3      | Reached XP level 5. HP: 15/33 MP: 5/5
  2681 | D:4      | Reached XP level 6. HP: 39/39 MP: 6/6
  2782 | D:4      | Noticed Natasha
  2791 | D:4      | Killed Natasha
  2923 | D:4      | Reached skill level 5 in Fighting
  2944 | D:4      | Noticed Natasha
  2950 | D:4      | Killed Natasha
  2950 | D:4      | Reached skill level 5 in Armour
  2950 | D:4      | Reached skill level 5 in Shields
  3118 | D:4      | Reached XP level 7. HP: 33/44 MP: 7/7
  3423 | D:5      | Entered Level 5 of the Dungeon
  3423 | D:5      | Noticed Sigmund
  3431 | D:5      | Killed Sigmund
  3562 | D:5      | Reached XP level 8. HP: 32/51 MP: 8/8
  3934 | D:5      | Reached skill level 5 in Maces & Flails
  3958 | D:5      | Noticed Edmund
  3977 | D:5      | Killed Edmund
  4160 | D:5      | Found a burning altar of Makhleb.
  4165 | D:5      | Found a glowing silver altar of Zin.
  4165 | D:5      | Noticed an angel
  4166 | D:5      | Noticed a balrug
  4482 | D:6      | Noticed Pikel
  4541 | D:6      | Killed Pikel
  4541 | D:6      | Reached XP level 9. HP: 42/57 MP: 9/9
  4862 | D:6      | Found an ornate altar of the Wu Jian Council.
  4957 | D:6      | Found a staircase to the Ecumenical Temple.
  4986 | D:6      | Found a blossoming altar of Fedhas.
  5011 | Temple   | Entered the Ecumenical Temple
  5270 | Temple   | Became a worshipper of Ashenzari the Shackled
  5598 | D:6      | Found a runed translucent door.
  5599 | D:6      | Noticed Crazy Yiuf
  5795 | D:6      | Killed Crazy Yiuf
  5871 | D:4      | Noticed Natasha
  5882 | D:4      | Killed Natasha
  6025 | D:3      | Killed grouchysmurf's ghost
  6839 | D:7      | Found an iron altar of Okawaru.
  6882 | D:7      | Found a white marble altar of Elyvilon.
  7167 | D:7      | Found a glowing golden altar of the Shining One.
  7219 | D:8      | Reached * piety under Ashenzari
  7246 | D:8      | Reached XP level 10. HP: 63/64 MP: 10/10
  7389 | D:8      | Identified the +3 leather armour of a treasure trove {rElec
                  | rPois Dex+3}
  7458 | D:8      | Found a staircase to the Lair.
  7519 | D:8      | Noticed Maurice
  7534 | D:8      | Killed Maurice
  8082 | D:9      | Found a staircase to the Orcish Mines.
  8179 | D:9      | Reached XP level 11. HP: 41/71 MP: 11/11
  8306 | D:9      | Noticed a two-headed ogre
  8317 | D:9      | Killed a two-headed ogre
  8340 | D:9      | Found a runed translucent door.
  8342 | D:9      | Noticed a rakshasa
  8342 | D:9      | Noticed grouchysmurf's ghost (journeyman HONe)
  8389 | D:9      | Reached skill level 10 in Fighting
  8562 | D:9      | Reached skill level 10 in Armour
  8573 | D:9      | Reached skill level 10 in Shields
  8633 | D:9      | Found a basalt altar of Yredelemnul.
  8763 | D:10     | Entered Level 10 of the Dungeon
  8763 | D:10     | Reached ** piety under Ashenzari
  9198 | D:10     | Found a shimmering altar of Xom.
  9731 | D:11     | Identified the +1 scale mail "Zebaeff" {rElec rC+}
  9731 | D:11     | Noticed Urug
  9814 | D:10     | Killed Urug
 10178 | D:11     | Reached *** piety under Ashenzari
 10479 | D:11     | Reached XP level 12. HP: 56/79 MP: 1/12
 10580 | D:11     | Noticed Nergalle
 10605 | D:11     | Killed Nergalle
 11134 | D:11     | Identified the +10 plate armour of the Ban {rN++ Int-3}
 11232 | D:11     | Noticed Fannar
 11282 | D:11     | Killed Fannar
 11282 | D:11     | Reached skill level 10 in Maces & Flails
 12180 | D:12     | Identified the +8 flail of Emniu {crush, rPois rC+}
 12181 | D:12     | Noticed a death knight
 12194 | D:12     | Killed a death knight
 12411 | D:12     | Identified a scroll of acquirement
 12411 | D:12     | Identified the cursed ring "Jehiapp" {rElec rC+ Str+4 Dex+6
                  | Stlth-} (You acquired it on level 12 of the Dungeon)
 12462 | D:13     | Reached **** piety under Ashenzari
 12791 | D:13     | Noticed a two-headed ogre
 12806 | D:13     | Killed a two-headed ogre
 12823 | D:13     | Noticed a tengu warrior
 12843 | D:13     | Killed a tengu warrior
 13152 | D:13     | Found a gate to the Vaults.
 13306 | D:14     | Reached XP level 13. HP: 85/86 MP: 13/13
 14179 | D:15     | Entered Level 15 of the Dungeon
 14274 | D:15     | Found Yneo's Magic Scroll Emporium.
 14288 | D:15     | Bought a scroll of identify for 32 gold pieces
 14288 | D:15     | Bought a scroll of identify for 32 gold pieces
 14288 | D:15     | Bought a scroll of identify for 32 gold pieces
 14288 | D:15     | Bought a scroll of identify for 32 gold pieces
 14460 | D:15     | Reached ***** piety under Ashenzari
 14496 | D:15     | Identified the +9 quarterstaff "Worm" {antimagic, Str+4
                  | Dex-5 SInv}
 14578 | D:13     | Noticed a vault guard
 14596 | D:13     | Killed a vault guard
 14797 | D:9      | Killed grouchysmurf's ghost
 14806 | D:9      | Killed a rakshasa
 14898 | D:13     | Found a snail-covered altar of Cheibriados.
 15005 | D:15     | Found Iwnudaam's Antique Weapon Boutique.
 15009 | D:15     | Bought a crude short sword for 264 gold pieces
 15009 | D:15     | Identified the +5 short sword of Instinct {pierce, MP+9}
                  | (You bought it in a shop on level 15 of the Dungeon)
 15034 | D:15     | Found Cuyssie's Antique Weapon Shoppe.
 15042 | D:15     | Bought an ivory whip for 195 gold pieces
 15042 | D:15     | Identified the +5 whip "Garafayb" {venom, rN+ Str+5} (You
                  | bought it in a shop on level 15 of the Dungeon)
 15064 | D:15     | Identified Roxanne's Catalogue of Transmigration
 15064 | D:15     | Noticed Roxanne
 15086 | D:15     | Killed Roxanne
 15086 | D:15     | Gained mutation: Your large and strong wings let you fly
                  | indefinitely. [Gargoyle growth]
 15086 | D:15     | Reached XP level 14. HP: 94/94 MP: 14/14
 15188 | D:15     | Found a staircase to the Depths.
 15643 | Lair:1   | Entered Level 1 of the Lair of Beasts
 16421 | Lair:2   | Found a hole to the Spider Nest.
 17181 | Lair:3   | Reached ****** piety under Ashenzari
 17286 | Lair:3   | Noticed Gastronok
 17299 | Lair:3   | Killed Gastronok
 17721 | Lair:3   | Found a runed translucent door.
 17776 | Lair:3   | Reached skill level 1 in Evocations
 17781 | Lair:3   | Identified the ring "Zedufa" {rElec rC++ MP+9 Int-5 SInv}
 18104 | Lair:4   | Found a staircase to the Swamp.
 18779 | Lair:5   | Found a staircase to the Slime Pits.
 18814 | Lair:5   | Identified the +7 falchion of Superiority {slice, rPois
                  | Dex+3}
 19788 | Lair:6   | Entered Level 6 of the Lair of Beasts
 19868 | Lair:4   | Reached XP level 15. HP: 31/100 MP: 17/17
 20531 | Lair:6   | Identified the +3 halberd "Naix" {elec, rN+}
 21308 | Lair:6   | Reached skill level 5 in Evocations
 21397 | Lair:6   | Identified the ring of Devotion {+Inv rElec Int-5 Stlth-}
 21841 | Orc:1    | Entered Level 1 of the Orcish Mines
 21953 | Orc:1    | Found a flagged portal.
 21962 | Bailey   | Entered a bailey
 22362 | Bailey   | Noticed an orc warlord
 22391 | Bailey   | Killed an orc warlord
 22634 | Bailey   | Reached XP level 16. HP: 107/107 MP: 20/20
 22635 | Bailey   | Identified the cursed -3 helmet of Repulsion {Int+3} (You
                  | acquired it in a bailey)
 22687 | Orc:1    | Found Illula's Book Shop.
 22730 | Orc:1    | Bought a book of Cantrips for 320 gold pieces
 22732 | Orc:1    | Learned a level 1 spell: Confusing Touch
 22735 | Orc:1    | Learned a level 2 spell: Blink
 22924 | Orc:1    | Found a bloodstained altar of Trog.
 23271 | Orc:2    | Entered Level 2 of the Orcish Mines
 23482 | Orc:2    | Noticed Josephine
 23491 | Orc:2    | Killed Josephine
 23499 | Orc:2    | Found Osogyarch's Armour Boutique.
 23508 | Orc:2    | Found a staircase to the Elven Halls.
 23633 | Orc:2    | Found Kofio's Antique Armour Shoppe.
 23638 | Orc:2    | Reached XP level 17. HP: 101/112 MP: 21/21
 23643 | Orc:2    | Reached skill level 15 in Fighting
 23653 | Orc:2    | Paralysed by an orc sorcerer for 3 turns
 24028 | Orc:2    | Noticed Azrael
 24037 | Orc:2    | Reached skill level 15 in Armour
 24069 | Orc:2    | Killed Azrael
 24674 | Orc:2    | Found Elety's Armour Shoppe.
 24680 | Orc:2    | Found Xuorgh's General Store.
 24859 | Orc:2    | Found Koypliga's Jewellery Boutique.
 24873 | Orc:2    | Bought a scroll of teleportation for 39 gold pieces
 24873 | Orc:2    | Bought a potion of might for 52 gold pieces
 24875 | Orc:2    | Bought the +2 helmet of Ydonas {Slay+2} for 448 gold pieces
 25102 | Swamp:1  | Entered Level 1 of the Swamp
 25102 | Swamp:1  | Noticed Nikola
 25117 | Lair:4   | Killed Nikola
 25371 | Swamp:1  | Noticed Kirke
 25381 | Swamp:1  | Noticed a sphinx
 25582 | Lair:4   | Killed Kirke
 25702 | Swamp:1  | Reached skill level 15 in Shields
 26419 | Swamp:2  | Identified the cursed +1 hand axe "Tucvogg" {antimagic,
                  | rC+}
 26485 | Swamp:2  | Reached skill level 1 in Stealth
 26871 | Swamp:2  | Got the cursed helmet "Umaiteamp" {*Corrode rC++ Int+3}
 26944 | Swamp:3  | Reached skill level 1 in Dodging
 27712 | Swamp:4  | Entered Level 4 of the Swamp
 27712 | Swamp:4  | Noticed Louise
 27732 | Swamp:3  | Killed Louise
 28242 | Swamp:4  | Reached XP level 18. HP: 120/120 MP: 25/25
 28374 | Swamp:4  | Noticed a bone dragon
 28394 | Swamp:4  | Killed a bone dragon
 28419 | Swamp:4  | Got a decaying rune of Zot
 28665 | Swamp:4  | Noticed Donald
 28684 | Swamp:4  | Killed Donald
 28684 | Swamp:4  | Reached skill level 5 in Spellcasting
 29017 | Swamp:4  | Reached skill level 5 in Hexes
 29366 | Lair:1   | Identified the cursed +3 helmet "Umaiteamp" {*Corrode rC++
                  | Int+3} (You acquired it on level 2 of the Swamp)
 29386 | Spider:1 | Entered Level 1 of the Spider Nest
 29446 | Spider:1 | Noticed Jorgrun
 29475 | Spider:1 | Killed Jorgrun
 29916 | Spider:1 | Reached skill level 15 in Maces & Flails
 30476 | Spider:2 | Found a frozen archway.
 30496 | IceCv    | Entered an ice cave
 31068 | IceCv    | Identified the ring of Ezal {rElec MR+++ Int-2 Dex+2
                  | Stlth+}
 31166 | Spider:2 | Reached skill level 5 in Stealth
 32021 | Spider:3 | Reached XP level 19. HP: 115/127 MP: 27/27
 32530 | Spider:3 | Noticed Bai Suzhen
 32557 | Spider:3 | Killed Bai Suzhen
 33021 | Spider:4 | Entered Level 4 of the Spider Nest
 33021 | Spider:4 | Noticed Arachne
 33051 | Spider:3 | Killed Arachne
 34489 | Spider:4 | Got a gossamer rune of Zot
 35292 | Vaults:1 | Entered Level 1 of the Vaults
 35542 | Vaults:1 | Reached XP level 20. HP: 124/134 MP: 30/30
 35586 | Vaults:1 | Reached skill level 1 in Translocations
 35726 | Vaults:1 | Reached skill level 5 in Dodging
 37816 | Vaults:2 | Found Sauthrem's Armour Shop.
 37845 | Vaults:2 | Bought a +1 pair of gloves of dexterity for 280 gold pieces
 38347 | Vaults:2 | Found a staircase to the Crypt.
 39348 | D:15     | Bought a scroll of enchant armour for 120 gold pieces
 39503 | Elf:1    | Entered Level 1 of the Elven Halls
 39553 | Elf:1    | Reached XP level 21. HP: 140/141 MP: 31/31
 39558 | Elf:1    | Identified the cursed +0 leather armour of Lethargy {Int-5
                  | Dex+3 SInv}
 41390 | Elf:2    | Found a huge runed translucent gate.
 41392 | Elf:2    | Found a huge runed translucent gate.
 41392 | Elf:2    | Found a huge runed translucent gate.
 41393 | Elf:2    | Found a huge runed translucent gate.
 41393 | Elf:2    | Found a huge runed translucent gate.
 42328 | Elf:3    | Entered Level 3 of the Elven Halls
 43804 | Elf:3    | Reached XP level 22. HP: 36/149 MP: 32/32
 44195 | Elf:3    | Identified the +10 flail of Cruel Justice {speed, rElec
                  | rF++ MR- MP+9}
 44701 | Elf:3    | Killed from afar by a deep elf sorcerer

Levels and vault maps discovered:
D:1:      saegor_arrival_simple_e, layout_basic
D:2:      layout_loops_cross, nemelex_xobeh_ov_fountains_minmay
D:3:      layout_loops_ring, ebering_ghost_sewer_d, first_ration
D:4:      layout_basic, uniq_natasha
D:5:      layout_loops_ring, grunt_temple_overflow_order_and_chaos_2,
          uniq_edmund, uniq_sigmund
D:6:      layout_basic, fedhas_bush_and_centaur_altar,
          overflow_temple_1_default, minmay_temple_entry_enclosed_plants,
          interstate_on_off, uniq_pikel, uniq_crazy_yiuf_cottage
D:7:      layout_loops_corners, tso_oasis_becter,
          nicolae_overflow_crystal_walls, okawaru_gym_becter
D:8:      layout_rooms, minmay_lair_entry_grove, uniq_maurice
D:9:      layout_loops_cross, kennysheep_little_box,
          kennysheep_orc_monster_closet_entryway, ebering_ghost_inner_flame
D:10:     layout_stronghold, basic_altar, hangedman_fish_farm
D:11:     layout_basic, uniq_fannar, uniq_urug, uniq_nergalle
D:12:     lemuel_flame_loot_2, layout_cave_pools
D:13:     minmay_skewed_foursquare, layout_rooms, david_vaults_5, basic_altar,
          kennysheep_cluttered_room
D:14:     layout_roguey [special_room_bee], grunt_decor_arrowhead,
          minmay_joined_circles
D:15:     grunt_enter_depths_snipers, layout_basic, grunt_decor_mini_mirrors,
          serial_shops, shop, shop, nicolae_shop_waterfront, uniq_roxanne
Temple:   oiseaux_autumnal_temple
Lair:1:   layout_gridlike
Lair:2:   layout_gridlike, nicolae_spider_entry_orb_guardian, st_stairs_3,
          infiniplex_staircase_pool, serial_bayou_shore_b
Lair:3:   layout_loops_ring, serial_forest, infiniplex_forest_lined_2,
          infiniplex_forest_straight_2, infiniplex_forest_lined_corner,
          infiniplex_forest_corner_1, infiniplex_forest_end_2,
          infiniplex_forest_clump_double, infiniplex_forest_clump_double,
          infiniplex_forest_clump_long, infiniplex_forest_lined_room_,
          pf_torpor_hydra, uniq_gastronok
Lair:4:   layout_regular_city, skrybe_swamp_entry_bodies, grunt_megastairs_4
Lair:5:   beast_lair_carwin_large_1, layout_misc_corridors,
          minmay_slime_entry_oklob_enclosed, nicolae_lair_yak_garden
Lair:6:   evilmike_catoblepas_cave, layout_gridlike, st_stairs_11,
          grunt_forest_small_clearings, minivault_25
Swamp:1:  layout_falls_marsh, evilmike_swamp_ruin_rubble_2, uniq_nikola,
          uniq_kirke
Swamp:2:  layout_falls_marsh, evilmike_swamp_ruin_house_6
Swamp:3:  layout_basic_swamp, hangedman_swamp_pad
Swamp:4:  swamp_pestilence, layout_basic_swamp,
          nicolae_swamp_very_dense_foliage, uniq_louise, uniq_donald
Spider:1: layout_spider_delve, spiders_nest_spider_trap, uniq_jorgrun
Spider:2: layout_spider_delve, portal_ice_cave_entry_ice_statue_one
Spider:3: spider_temple_joshua, uniq_bai_suzhen
Spider:4: guppyfry_spider_rune, uniq_arachne
Orc:1:    layout_caves, enter_bailey_8, serial_shops, shop, bloody_trog
Orc:2:    st_orc_elflike, layout_caves, serial_shops, shop, uniq_josephine,
          uniq_azrael
Elf:1:    layout_loops_cross, hangedman_elven_crosses_minicolossus
Elf:2:    layout_loops_corners, grunt_megastairs_1
Elf:3:    elf_hall, layout_gridlike, hangedman_elf_represent
Vaults:1: nicolae_vaults_specimen_jars, vaults_room_grid,
          nicolae_vaults_c_with_doors, grunt_vaults_twisty,
          nicolae_vaults_stairing_the_circle, v_pattern_2, grunt_vaults_bifocal,
          nicolae_vaults_little_squares_2, vaults_room_pool, v_misc_15,
          v_alt_pattern_6, vaults_dpeg_cross, nicolae_vaults_alarming,
          layout_vaults_omnibox
Vaults:2: v_rooms_3, ontoclasm_vaults_pinch, nicolae_vaults_border_crossing,
          hangedman_vaults_locks, nicolae_vaults_mini_display_case,
          vaults_room_large_hall, layout_vaults_omnigrid, serial_shops, shop

Skill      XL: |  1  2  3  4  5  6  7  8  9 10 11 12 13 14 15 16 17 18 19 20 21 |
---------------+----------------------------------------------------------------+-----
Fighting       | 4 5 7 8 9 10 12 13 14 15 16 17 18 19 | 19.2
Armour         | 4 5 7 8 9 10 12 13 14 15 16 17 18 19 | 19.2
Shields        | 4 5 7 8 9 10 12 13 14 15 16 | 16.7
Maces & Flails | 3 4 6 7 8 9 10 12 13 14 15 16 17 | 17.9
Evocations     | 3 5 6 |  6.9
Spellcasting   | 3 4 5 6 7 |  7.3
Hexes          | 3 4 5 6 8 9 |  9.1
Stealth        | 3 5 |  5.0
Dodging        | 2 3 4 5 |  5.4
Translocations | 2 |  2.5

Action                   |  1- 3 |  4- 6 |  7- 9 | 10-12 | 13-15 | 16-18 | 19-21 | 22-24 || total
-------------------------+-------+-------+-------+-------+-------+-------+-------+-------++-------
Melee: Flail             |   124 |       |    67 |   160 |  1259 |  1615 |  2232 |   138 ||  5595
       Morningstar       |    17 |   193 |   120 |       |       |       |       |       ||   330
       Whip              |       |       |   218 |  1155 |       |       |       |       ||  1373
 Cast: Confusing Touch   |       |       |       |       |       |     2 |     5 |     2 ||     9
Invok: Curse Item        |       |       |     7 |     2 |     2 |     1 |       |       ||    12
 Abil: Evoke Flight      |       |       |       |     1 |       |       |       |       ||     1
       Evoke Berserk Rag |       |       |       |       |     4 |     5 |    11 |     1 ||    21
       Fly               |       |       |       |       |     1 |       |       |       ||     1
Evoke: Wand              |       |       |       |     6 |     1 |       |       |       ||     7
  Use: Scroll            |     1 |     4 |     7 |    14 |    17 |     8 |     4 |     5 ||    60
       Potion            |       |     1 |     2 |     6 |     7 |     1 |     1 |     1 ||    19
 Stab: Petrified         |       |       |       |       |     3 |       |       |       ||     3
       Confused          |       |       |       |       |       |     1 |     5 |     1 ||     7
  Eat: Chunk             |     2 |     6 |    13 |    18 |    32 |    26 |    40 |     2 ||   139
       Ration            |       |       |       |     1 |     1 |     3 |     3 |       ||     8
Armor: Scale mail        |    78 |   129 |    86 |       |       |       |       |       ||   293
       Ring mail         |       |       |   134 |   358 |       |       |       |       ||   492
       Plate armour      |       |       |       |    66 |   607 |  1046 |  1356 |    50 ||  3125
Dodge: Dodged            |    50 |    65 |    95 |   315 |   237 |   441 |   670 |    28 ||  1901
Block: Shield            |    95 |   121 |   225 |   619 |   963 |  1495 |  2063 |   111 ||  5692

Table legend:
 A = Non-vault XP
 B = Vault XP
 C = Vault XP percentage of total XP
 D = Non-vault monster count
 E = Vault monster count
 F = Vault count percentage of total count
                 A         B        C        D         E       F
            +---------+---------+-------+---------+---------+-------
      Total |  304018 |  265961 |  46.7 |    1027 |     543 |  34.6
            +---------+---------+-------+---------+---------+-------
        D:1 |      53 |       0 |   0.0 |      23 |       0 |   0.0
        D:2 |      37 |       0 |   0.0 |      16 |       0 |   0.0
        D:3 |     136 |     246 |  64.4 |      20 |       4 |  16.7
        D:4 |     439 |      35 |   7.4 |      19 |       1 |   5.0
        D:5 |     630 |     404 |  39.1 |      14 |       2 |  12.5
        D:6 |     720 |     758 |  51.3 |      21 |       3 |  12.5
        D:7 |     805 |       0 |   0.0 |      16 |       0 |   0.0
        D:8 |     945 |    2546 |  72.9 |      28 |      13 |  31.7
        D:9 |    2050 |    3911 |  65.6 |      16 |      22 |  57.9
       D:10 |    1873 |    1160 |  38.2 |      18 |       2 |  10.0
       D:11 |    4637 |    1812 |  28.1 |      51 |       2 |   3.8
       D:12 |    2615 |       0 |   0.0 |      26 |       0 |   0.0
       D:13 |    6848 |    1889 |  21.6 |      30 |       3 |   9.1
       D:14 |    7517 |    5277 |  41.2 |      32 |      36 |  52.9
       D:15 |    6550 |    4376 |  40.1 |      27 |       4 |  12.9
     Lair:1 |    2027 |       0 |   0.0 |      10 |       0 |   0.0
     Lair:2 |    1311 |     961 |  42.3 |       7 |       4 |  36.4
     Lair:3 |    3035 |    3619 |  54.4 |      10 |       3 |  23.1
     Lair:4 |    1681 |    6245 |  78.8 |       3 |       5 |  62.5
     Lair:5 |    5553 |    6542 |  54.1 |      16 |      15 |  48.4
     Lair:6 |   19020 |   13098 |  40.8 |      58 |      26 |  31.0
    Swamp:1 |    9494 |     388 |   3.9 |      26 |       2 |   7.1
    Swamp:2 |    8639 |       0 |   0.0 |      19 |       0 |   0.0
    Swamp:3 |   15837 |    1639 |   9.4 |      33 |       1 |   2.9
    Swamp:4 |   12634 |   16453 |  56.6 |      32 |      45 |  58.4
   Spider:1 |   14618 |    5714 |  28.1 |      42 |      10 |  19.2
   Spider:2 |   19182 |     433 |   2.2 |      55 |       1 |   1.8
   Spider:3 |   11425 |   29208 |  71.9 |      36 |      34 |  48.6
   Spider:4 |   15415 |   21034 |  57.7 |      40 |      33 |  45.2
      Orc:1 |    4282 |       0 |   0.0 |      44 |       0 |   0.0
      Orc:2 |    4662 |   12064 |  72.1 |      33 |      35 |  51.5
      Elf:1 |   12666 |   11356 |  47.3 |      19 |      16 |  45.7
      Elf:2 |   14602 |   30230 |  67.4 |      23 |      38 |  62.3
      Elf:3 |   20180 |   41998 |  67.5 |      36 |      32 |  47.1
   Vaults:1 |   31291 |   19511 |  38.4 |      52 |      37 |  41.6
   Vaults:2 |   40609 |   10633 |  20.8 |      76 |      23 |  23.2
     Bailey |       0 |    5174 | 100.0 |       0 |      69 | 100.0
      IceCv |       0 |    7247 | 100.0 |       0 |      22 | 100.0
            +---------+---------+-------+---------+---------+-------
